 Dungeon Crawl Stone Soup version 0.28.0 (webtiles) character file.

Game seed: 11790883745170517841

74 Cykl0x the Digger (level 4, -8/25 HPs)
             Began as a Gargoyle Earth Elementalist on Feb 8, 2022.
             Mangled by an ice beast (9 damage)
             ... on level 3 of the Dungeon.
             The game lasted 00:07:59 (3001 turns).

Cykl0x the Digger (Gargoyle Earth Elementalist)     Turns: 3001, Time: 00:08:00

Health: -8/25      AC:  5    Str: 12    XL:     4   Next: 30%
Magic:  0/7        EV: 12    Int: 17    God:
Gold:   70         SH:  5    Dex: 10    Spells: 4/8 levels left

rFire   . . .      SeeInvis .   h - +0 dagger (vamp)
rCold   . . .      Faith    .   (no shield)
rNeg    + . .      Spirit   .   b - +0 robe
rPois   ∞          Reflect  +   (no helmet)
rElec   +          Harm     .   (no cloak)
rCorr   .          Rampage  .   (no gloves)
Will    .....                   (no boots)
Stlth   ++........              a - amulet of reflection
HPRegen 0.08/turn               (no ring)
MPRegen 0.10/turn               (no ring)

@: no status effects
A: sickness immunity, AC +3, negative energy resistance 1, electricity
resistance, torment resistance 1, petrification resistance
a: no special abilities


You were on level 3 of the Dungeon.
You visited 1 branch of the dungeon, and saw 3 of its levels.

You collected 70 gold pieces.

Inventory:

Hand Weapons
 e - a +0 dagger
 f - a +1 short sword of venom
 h - a +0 vampiric dagger (weapon)
 i - a +1 dagger of speed
Missiles
 c - 79 stones
 g - a throwing net
Armour
 b - a +0 robe (worn)
 n - a +0 scale mail
Jewellery
 a - an amulet of reflection (around neck)
 p - a ring of flight
Scrolls
 q - a scroll of fear
Potions
 d - a potion of lignification {unknown}
 j - a potion of brilliance {unknown}
 k - a potion of degeneration {unknown}
 l - a potion of invisibility {unknown}


   Skills:
 * Level 1.4 Fighting
 + Level 0.4 Short Blades
 + Level 1.8 Dodging
 - Level 2.1 Stealth
 + Level 2.5 Spellcasting
 * Level 1.9 Conjurations
 - Level 0.7 Transmutations
 + Level 4.2 Earth Magic


You had 4 spell levels left.
You knew the following spells:

 Your Spells              Type           Power      Damage    Failure   Level
a - Sandblast             Erth           32%        2d9       3%          1
b - Stone Arrow           Conj/Erth      24%        3d8       16%         3

Your spell library contained the following spells:

 Spells                   Type           Power      Damage    Failure   Level
 Passwall                 Tmut/Erth      8%         N/A       10%         2
 Ensorcelled Hibernation  Hex/Ice        4%         N/A       28%         2
 Swiftness                Air            2%         N/A       50%         3
 Petrify                  Tmut/Erth      10%        N/A       54%         4


Dungeon Overview and Level Annotations

Branches:
Dungeon (3/15)

Altars:


Innate Abilities, Weirdness & Mutations

You are immune to sickness and miasma.
Your stone body is resilient. (AC +3)
You are immune to poison.
You resist negative energy. (rN+)
You are resistant to electric shocks. (rElec)
You are resistant to unholy torment.
You are immune to petrification.


Message History

The ice beast misses you.
You barely miss the ice beast.
The ice beast is almost dead.
You block the ice beast's attack.
You hit the ice beast but do no damage.
The ice beast is almost dead.
The ice beast hits you but does no damage.
You hit the ice beast but do no damage.
The ice beast is almost dead.
The ice beast completely misses you.
You hit the ice beast.
The ice beast is almost dead.
The ice beast hits you. The ice beast freezes you!
* * * LOW HITPOINT WARNING * * *
You hit the ice beast but do no damage.
The ice beast is almost dead.
You block the ice beast's attack.
You barely miss the ice beast.
The ice beast is almost dead.
The ice beast hits you but does no damage.
Casting: Sandblast (safe; 3% risk of failure)
Confirm with . or Enter, or press ? or * to list all spells.
Aiming: Sandblast (safe; 3% risk of failure)
Press: ? - help, Shift-Dir - straight line, f/p - ice beast
Aim: an ice beast (almost dead, 79% to hit)
The blast of sand hits the ice beast but does no damage.
The ice beast is almost dead.
The ice beast hits you but does no damage.
You hit the ice beast but do no damage.
The ice beast is almost dead.
You block the ice beast's attack.
You barely miss the ice beast.
The ice beast is almost dead.
The ice beast barely misses you.
You hit the ice beast but do no damage.
The ice beast is almost dead.
The ice beast hits you.
* * * LOW HITPOINT WARNING * * *
The ice beast freezes you!
You die...

#..#.##
######..#..#
#.<........#
#.####..##.#
#.# #..##.##
#.# #..#.#.##
#.#
#...###.###.#
#.# #.Y##
##.?..# #.#
##.@###.#####
#.# #.#.#.##
#.# #.....#
...###..# #.
#..# #. ##.#
#. ... #.##
#.#


You could see an ice beast.

Vanquished Creatures
  An adder (D:2)
  A gnoll (D:1)
  A worm (D:2)
  4 dart slugs
  5 ball pythons
  3 bats
  5 endoplasms
  4 goblins
  3 hobgoblins (D:1)
  4 kobolds
  3 quokkas
  5 frilled lizards
  7 rats
46 creatures vanquished.

Notes
Turn   | Place    | Note
-------+----------+-------------------------------------------
     0 | D:1      | Cykl0x the Gargoyle Earth Elementalist began the quest for
                  | the Orb.
     0 | D:1      | Reached XP level 1. HP: 10/10 MP: 3/3
   123 | D:1      | Reached XP level 2. HP: 10/16 MP: 0/5
   281 | D:1      | Reached skill level 4 in Earth Magic
   420 | D:1      | Reached skill level 1 in Conjurations
   420 | D:1      | Reached XP level 3. HP: 13/20 MP: 1/6
   424 | D:1      | Learned a level 3 spell: Stone Arrow
   547 | D:1      | Reached skill level 1 in Fighting
  2221 | D:2      | Reached XP level 4. HP: 25/25 MP: 0/7
  2437 | D:2      | Found a faded altar of an unknown god.
  2959 | D:3      | Noticed an ice beast
  3001 | D:3      | HP: 1/25 [ice beast (2)]
  3001 | D:3      | Mangled by an ice beast

Illustrated notes

Levels and vault maps discovered:
D:1:      shiori_arrival_oz, layout_basic, minmay_box_of_dots
D:2:      layout_basic, shapermc_ecumenical_altar_notcrosses
D:3:      layout_loops_ring

Skill      XL: |  1  2  3 |
---------------+----------+-----
Earth Magic    | 4 |  4.2
Conjurations   | 1 |  1.9
Fighting       | 1 |  1.4
Short Blades   | |  0.4
Dodging        | |  1.8
Stealth        | |  2.1
Spellcasting   | |  2.5
Transmutations | |  0.7

Action                   |  1- 3 |  4- 6 || total
-------------------------+-------+-------++-------
Melee: Unarmed           |    12 |       ||    12
       Dagger            |    54 |    16 ||    70
       Short sword       |       |     6 ||     6
 Cast: Sandblast         |    24 |     5 ||    29
       Stone Arrow       |    23 |     6 ||    29
  Use: Scroll            |     3 |     2 ||     5
Armor: Robe              |    14 |     9 ||    23
Dodge: Dodged            |    36 |     9 ||    45
Block: Other             |     4 |     4 ||     8
       Reflection        |     1 |       ||     1
